AoeStats
← 客官

Nomad

508846157Analyzed
4v4 RM · 9d ago on Sep 24, 2026· 35m 43s· 8 players
Game mode
Random Map
Map size
231×231
Population
200
Speed
Normal
Resources
Standard
Victory
Conquest
Starting age
Dark Age
Ending age
Imperial Age
RankedLock teamsTeams togetherTeam positionsShared explorationLock speedFull tech treeHidden civsTurbo modeCheats
Victory
Defeat
🇨🇳 Mongols · China
1462
+10
🇨🇳 Spanish · China
1433
+11
🇨🇳 Byzantines · China
1410
+12
🇹🇼 Saxons · Taiwan
1372
+14
🇦🇺 Saracens · Australia
1480
-17
🇧🇩 Lithuanians · Bangladesh
1278
-10
🇨🇳 Mongols · China
1272
-10
🇸🇮 Varangians · Slovenia
1271
-10
客官
10:08 Loom
14:48 Feudal Age
15:53 Double-Bit Axe
18:51 Castle Age
19:40 Stone Mining
22:58 Imperial Age
20:18 Horse Collar
20:54 Bow Saw
22:38 Wheelbarrow
22:39 Gold Mining
23:05 Scale Barding Armor
23:12 Forging
24:38 Chain Barding Armor
25:58 Iron Casting
30:14 Husbandry
31:13 Conscription
32:03 Plate Barding Armor
33:18 Gold Shaft Mining
35:18 Chemistry
牛比无极限
5:03 Loom
13:17 Feudal Age
18:59 Castle Age
19:06 Double-Bit Axe
19:04 Horse Collar
20:07 Wheelbarrow
24:17 Fletching
24:55 Ballistics
27:03 Bodkin Arrow
27:10 Padded Archer Armor
30:35 Hand Cart
33:12 Leather Archer Armor
33:20 Bloodlines
牛拉松
4:36 Loom
12:39 Feudal Age
13:14 Double-Bit Axe
14:06 Stone Mining
14:51 Fishing Lines
20:41 Castle Age
19:26 Gold Mining
22:47 Bow Saw
24:46 Gold Shaft Mining
24:15 Scale Mail Armor
24:26 Forging
24:06 Fletching
24:15 Horse Collar
27:04 Wheelbarrow
26:15 Town Watch
27:32 Squires
31:54 Ballistics
31:34 Guard Tower
32:48 Treadmill Crane
33:06 Bodkin Arrow
37:11 Imperial Age
34:57 Hand Cart
34:49 Padded Archer Armor
35:50 Leather Archer Armor
36:16 Chain Mail Armor
36:15 Heavy Plow
_XD_XiaoXiao
4:39 Loom
13:35 Feudal Age
17:27 Castle Age
16:33 Double-Bit Axe
18:29 Bow Saw
20:37 Padded Archer Armor
24:26 Horse Collar
25:07 Town Watch
26:21 Wheelbarrow
27:34 Leather Archer Armor
27:21 Husbandry
28:00 Bloodlines
30:33 Hand Cart
30:25 Gold Mining
30:39 Stone Mining
30:48 Stone Mining
34:07 Imperial Age
35:28 Conscription
35:40 Ring Archer Armor
35:15 Elite Conquistador
CumansCumin
6:36 Loom
14:00 Feudal Age
17:42 Castle Age
16:26 Double-Bit Axe
16:33 Stone Mining
19:58 Bow Saw
19:34 Horse Collar
22:40 Heavy Plow
22:49 Gold Mining
23:39 Fervor
26:53 Hill Forts
28:11 Wheelbarrow
33:22 Imperial Age
31:08 Hand Cart
30:38 Town Watch
31:37 Scale Barding Armor
33:11 Bloodlines
33:02 Husbandry
m00n
15:21 Feudal Age
16:05 Double-Bit Axe
17:33 Bloodlines
20:22 Horse Collar
25:57 Castle Age
26:12 Light Cavalry
26:53 Husbandry
27:30 Wheelbarrow
31:01 Elite Skirmisher
ZombieRabbit
4:23 Loom
15:26 Feudal Age
20:52 Castle Age
23:13 Wheelbarrow
25:19 Horse Collar
26:14 Double-Bit Axe
27:47 Fletching
29:37 Fletching
30:40 Elite Skirmisher
30:44 Crossbowman
32:12 Bodkin Arrow
33:27 Thumb Ring
34:59 Ballistics
偷看阿姨洗澡
Connection lost

Rejoining the realm…

Still unreachable

The connection could not be restored.

Session expired

The server has moved on; the page needs a fresh start.